 Dungeon Crawl Stone Soup version 0.30-a0-469-g84de5afbc5 (webtiles) character file.

Game seed: 8548813560722378883

32 Dramamine the Trooper (level 3, -3/29 HPs)
             Began as a Demonspawn Wanderer on Dec 19, 2022.
             Slain by a bullfrog (5 damage)
             ... on level 3 of the Dungeon.
             The game lasted 00:04:51 (1531 turns).

Dramamine the Trooper (Demonspawn Wanderer)         Turns: 1531, Time: 00:04:52

Health: -3/29      AC:  2    Str: 11    XL:     3   Next: 8%
Magic:  7/7        EV: 11    Int: 24    God:
Gold:   107        SH:  4    Dex: 10    Spells: 1/7 levels left

rFire   . . .      SeeInvis .    a - +2 whip (venom)
rCold   . . .      Faith    .    (no shield)
rNeg    . . .      Spirit   .    b - +0 robe
rPois   .          Reflect  .    (no helmet)
rElec   .          Harm     .    (no cloak)
rCorr   .          Rampage  .    (no gloves)
Will    .....                    (no boots)
Stlth   +.........               (no amulet)
HPRegen 0.24/turn                Z - ring of wizardry
MPRegen 0.10/turn                I - +6 ring of intelligence

@: no status effects
A: condensation shield, weakness stinger 1
a: no special abilities


You were on level 3 of the Dungeon.
You visited 1 branch of the dungeon, and saw 3 of its levels.

You collected 107 gold pieces.


Innate Abilities, Weirdness & Mutations

A meltable shield of frost defends you. (SH +4)
You have a small tail.


   Skills:
 - Level 3.0 Fighting
 + Level 2.8 Spellcasting
 - Level 2.1 Necromancy
 - Level 2.6 Translocations
 - Level 1.0 Evocations


You had one spell level left.
You knew the following spells:

 Your Spells              Type           Power      Damage    Failure   Level
a - Apportation           Tloc           32%        N/A       1%          1
s - Sublimation of Blood  Necr           13%        N/A       2%          2
X - Kindle Blastsparks    Fire/Tloc/Air  14%        2d11      9%          3

Your spell library contained the following spells:

 Spells                   Type           Power      Damage    Failure   Level
 Cigotuvi's Dreadful Rot  Necr/Pois/Air  12%        N/A       4%          2
 Iskenderun's Mystic Bla  Conj/Tloc      9%         2d4       26%         4

Inventory:

Hand Weapons
 a - a +2 whip of venom (weapon)
   (You took it off a kobold on level 1 of the Dungeon)
Missiles
 d - 8 poisoned darts (quivered)
 e - 14 stones
 j - 2 atropa-tipped darts
 m - 4 boomerangs
Armour
 b - a +0 robe (worn)
Jewellery
 v - a ring of see invisible
   (You found it on level 1 of the Dungeon)
 I - a +6 ring of intelligence (right hand)
   (You found it on level 1 of the Dungeon)
 Z - a ring of wizardry (left hand)
   (You found it on level 2 of the Dungeon)
Wands
 o - a wand of flame (5)
   (You found it on level 2 of the Dungeon)
Scrolls
 c - 2 scrolls of teleportation {@r4}
 f - 2 scrolls of identify {unknown}
 h - a scroll of enchant weapon {unknown}
 l - a scroll of poison {unknown}
 n - a scroll of magic mapping {unknown}
Potions
 g - 3 potions of curing {unknown}
 i - a potion of attraction {unknown}
 k - a potion of lignification {unknown}
 p - a potion of flight {unknown}

Dungeon Overview and Level Annotations

Branches:
Dungeon (3/15) Zot: 16456

Altars:

####### #.....#
#@###.###########
#F#.............#
#(..#.#########.##
#.....# ###.....
#.(...## #.....##
..#(..## #.#.###
#.....# #.#.#
^##.## #.#.#### #.
#.#.....


You could see a bullfrog.


Message History

Memorise Kindle Blastsparks, consuming 3 spell levels and leaving 3?
You start memorising the spell.
You continue memorising. x3
You finish memorising.
Spell assigned to 'X'.
Okay, then.
Memorise Sublimation of Blood, consuming 2 spell levels and leaving 1?
You start memorising the spell.
You continue memorising. x2
You finish memorising.
Spell assigned to 's'.
Casting: Apportation (safe; 1% risk of failure)
Confirm with . or Enter, or press ? or * to list all spells.
Okay, then.
There is an open door here.
You open the door.
There is an open door here.
You now have 88 gold pieces (gained 10).
Found a stone staircase leading down.
No target in view!
g - 3 bubbling black potions (gained 1)
You open the door.
There is an open door here.
You open the door.
There is an open door here.
A kobold comes into view. It is wielding a +0 short sword.
A kobold is nearby!
The kobold barely misses you.
You whack the kobold!
You kill the kobold!
No target in view!
No target in view!
Things that are here:
a +0 short sword; a kobold corpse
Found a stone staircase leading up.
Found a stone staircase leading down.
There is a stone staircase leading up here.
There is a stone staircase leading down here.
You see here a +0 mace.
There is an open door here.
There is an open door here.
A giant cockroach comes into view.
The helpless giant cockroach fails to defend itself.
You hit the giant cockroach. You tail-slap the giant cockroach.
You kill the giant cockroach!
No target in view!
No target in view!
Done exploring.
Done exploring.
There is a stone staircase leading down here.
Done exploring.
There is a stone staircase leading down here.
You climb downwards.
There is a stone staircase leading up here.
There is a stone staircase leading up here.
Found a faded altar of an unknown god.
You see here a +0 trident.
There is a faded altar of an unknown god here.
This altar belongs to (a) Yredelemnul, (b) Ru or (c) Wu Jian, but you can't tell which.
Press the corresponding letter to learn more about a god, or press enter to convert or escape to cancel.
Okay, then.
You see here a human skeleton.
You see here a human skeleton.
You now have 98 gold pieces (gained 10).
You now have 107 gold pieces (gained 9).
d - 11 poisoned darts (gained 5)
A bullfrog comes into view.
You don't have any such object.
Evoke which item? (* to show all) (? for menu, Esc to quit)
You don't have any such object.
Evoke which item? (* to show all) (? for menu, Esc to quit)
Okay, then.
Unknown command.
Throw: 11 darts (poison)
Press: ? - help, Q - select action, (/) - cycle Shift-Dir - straight line, f - bullfrog
Aim: a bullfrog (wandering, hasn't noticed you, 47% to hit)
You throw a poisoned dart.
The poisoned dart closely misses the bullfrog.
Throw: 10 darts (poison)
Press: ? - help, Q - select action, (/) - cycle Shift-Dir - straight line, f/p - bullfrog
Aim: a bullfrog (47% to hit)
You throw a poisoned dart.
The poisoned dart barely misses the bullfrog.
Throw: 9 darts (poison)
Press: ? - help, Q - select action, (/) - cycle Shift-Dir - straight line, f/p - bullfrog
Aim: a bullfrog (47% to hit)
You throw a poisoned dart. The poisoned dart hits the bullfrog.
You closely miss the bullfrog. The bullfrog hits you!
The bullfrog hits you. 😮 HP[-13]
You take 13 damage, and now have 16/29 hp.
MASSIVE DAMAGE!! (PAUSE)
You barely miss the bullfrog. The bullfrog hits you.
* * * LOW HITPOINT WARNING * * *
The bullfrog hits you.
* * * LOW HITPOINT WARNING * * *
😨 HP[-7]
You take 7 damage, and now have 9/29 hp.
MASSIVE DAMAGE!! (PAUSE)
You miss the bullfrog. The bullfrog hits you!
* * * LOW HITPOINT WARNING * * *
😱 HP[-7]
You take 7 damage, and now have 2/29 hp.
MASSIVE DAMAGE!! (PAUSE)
The bullfrog attacks as you move away! The bullfrog hits you.
You die...

Skill      XL: |  1 |
---------------+----+-----
Spellcasting   | 2 |  2.8
Fighting       | |  3.0
Necromancy     | |  2.1
Translocations | |  2.6
Evocations     | |  1.0

Action                   || total
-------------------------++-------
Melee: Club              ||    31
       Whip              ||    31
       Tailslap          ||     4
Throw: Dart              ||     7
       Stone             ||     1
 Cast: Apportation       ||     1
 Stab: Sleeping          ||     2
Armor: Robe              ||    10
Dodge: Dodged            ||    32

Levels and vault maps discovered:
D:1:      onia_arrival_pentagram, layout_basic, minmay_pentomino_w2
D:2:      layout_loops_ring, serial_aquarium, aquarium_bridge_straight
          [aquarium_subvault_bridge, aquarium_subvault_balcony,
          aquarium_subvault_bridge, aquarium_subvault_wall],
          aquarium_window_fake, aquarium_window_double, aquarium_window_1,
          aquarium_view_2b, aquarium_view_2c, aquarium_pool_five,
          serial_park_tiny_1
D:3:      layout_loops_corners, shapermc_ecumenical_altar_pompeii

Notes
Turn   | Place    | Note
-------+----------+-------------------------------------------
     0 | D:1      | Dramamine the Demonspawn Wanderer began the quest for the
                  | Orb.
     0 | D:1      | Dramamine set off with the following items: a +0 club, a +0
                  | robe, 2 scrolls of teleportation {@r4}; and the following
                  | spell memorised: Apportation; and the following spells
                  | available to memorise: Sublimation of Blood, Cigotuvi's
                  | Dreadful Rot, Kindle Blastsparks, Iskenderun's Mystic
                  | Blast.
     0 | D:1      | Reached XP level 1. HP: 18/18 MP: 2/2
     0 | D:1      | magus.rc [v1.11.2]
   128 | D:1      | Reached skill level 2 in Spellcasting
   128 | D:1      | Gained mutation: You have a small tail. [demonic ancestry]
   128 | D:1      | Reached XP level 2. HP: 16/24 MP: 5/5
   955 | D:2      | Gained mutation: A meltable shield of frost defends you.
                  | (SH +4) [demonic ancestry]
   955 | D:2      | Reached XP level 3. HP: 29/29 MP: 7/7
  1092 | D:2      | Learned a level 3 spell: Kindle Blastsparks
  1095 | D:2      | Learned a level 2 spell: Sublimation of Blood
  1441 | D:3      | Found a faded altar of an unknown god.
  1524 | D:3      | Noticed a bullfrog
  1530 | D:3      | HP: 2/29 [bullfrog (7)]
  1531 | D:3      | Slain by a bullfrog

Vanquished Creatures
  A dart slug (D:1)
  2 ball pythons
  7 endoplasms
  A giant cockroach (D:2)
  A hobgoblin (D:1)
  A quokka (D:1)
  A bat (D:2)
  A frilled lizard (D:2)
  3 goblins
  3 kobolds
  7 rats
28 creatures vanquished.

Table legend:
 A = Non-vault XP
 B = Vault XP
 C = Vault XP percentage of total XP
 D = Non-vault monster count
 E = Vault monster count
 F = Vault count percentage of total count
                 A         B        C        D         E       F
            +---------+---------+-------+---------+---------+-------
      Total |      42 |       4 |   8.7 |      26 |       2 |   7.1
            +---------+---------+-------+---------+---------+-------
        D:1 |      25 |       4 |  13.8 |      15 |       2 |  11.8
        D:2 |      17 |       0 |   0.0 |      11 |       0 |   0.0
            +---------+---------+-------+---------+---------+-------

Illustrated notes

Table legend:
 A = Kills in this place as a percentage of kills in entire the game.
 B = Kills by you in this place as a percentage of kills by you in the entire game.
 C = Kills by friends in this place as a percentage of kills by friends in the entire game.
 D = Other kills in this place as a percentage of other kills in the entire game.
 E = Experience gained in this place as a percentage of experience gained in the entire game.
 F = Experience gained in this place divided by the number of levels of this place that you have seen.
                   A       B       C       D       E      F
               +-------+-------+-------+-------+-------+----------------------
         Total | 100.0 | 100.0 |   N/A |   N/A | 100.0 |  15.3
       Dungeon | 100.0 | 100.0 |   N/A |   N/A | 100.0 |  15.3
               +-------+-------+-------+-------+-------+----------------------

Table legend: (Time is in decaauts)
 A = Elapsed time spent in this place.
 B = Non-inter-level travel time spent in this place.
 C = Inter-level travel time spent in this place.
 D = Time resting spent in this place.
 E = Time spent auto-exploring this place.
 F = Levels seen in this place.
 G = Mean time per level.
                   A        B        C        D        E       F      G
               +--------+--------+--------+--------+--------+-----+--------+
         Total |   1543 |   1491 |     52 |     36 |   1225 |   3 |  514.3 |
       Dungeon |   1543 |   1491 |     52 |     36 |   1225 |   3 |  514.3 |
               +--------+--------+--------+--------+--------+-----+--------+

Top non-repeatable levels by time:
     D:2: 810 daAuts
     D:1: 624 daAuts
     D:3: 108 daAuts
